 Dungeon Crawl Stone Soup version 0.28.0 (webtiles) character file.

Game seed: 16232021196879872969

135 SnakkuSnakku7 the Insei (level 4, 0/30 HPs)
             Began as a Vampire Fire Elementalist on Feb 14, 2022.
             Slain by an orc (5 damage)
             ... on level 4 of the Dungeon.
             The game lasted 00:04:23 (2212 turns).

SnakkuSnakku7 the Insei (Vampire Fire Elementalist) Turns: 2212, Time: 00:04:24

Health: 0/30       AC:  5    Str:  9    XL:     4   Next: 96%
Magic:  7/7        EV: 10    Int: 17    God:
Gold:   37         SH:  0    Dex: 14    Spells: 6/7 levels left

rFire   . . .      SeeInvis +     - Unarmed
rCold   . . .      Faith    .   (no shield)
rNeg    . . .      Spirit   .   i - +0 ring mail
rPois   .          Reflect  +   (no helmet)
rElec   .          Harm     .   (no cloak)
rCorr   .          Rampage  .   (no gloves)
Will    .....                   (no boots)
Stlth   ..........              j - amulet of reflection
HPRegen 0.30/turn               (no ring)
MPRegen 0.10/turn               (no ring)

@: confused, healing quickly
A: alive, fangs 3, see invisible, vampiric 2
a: Exsanguinate


You were on level 4 of the Dungeon.
You visited 1 branch of the dungeon, and saw 4 of its levels.

You collected 163 gold pieces.
You spent 126 gold pieces at shops.

Inventory:

Hand Weapons
 b - a +2 dagger of venom
Armour
 a - a +0 robe
 i - a +0 ring mail (worn)
Jewellery
 d - a ring of ice
 j - an amulet of reflection (around neck)
Scrolls
 c - 2 scrolls of blinking
 e - a scroll of amnesia {unknown}
 g - a scroll of teleportation
 k - a scroll of torment {unknown}
 n - a scroll of holy word {unknown}
Potions
 f - a potion of invisibility {unknown}
 l - a potion of brilliance {unknown}


   Skills:
 - Level 2.1 Dodging
 - Level 3.0 Stealth
 + Level 5.1 Unarmed Combat
 - Level 2.0 Spellcasting
 - Level 0.6 Conjurations
 - Level 2.4 Fire Magic


You had 6 spell levels left.
You knew the following spells:

 Your Spells              Type           Power      Damage    Failure   Level
a - Foxfire               Conj/Fire      24%        2x1d5     28%         1

Your spell library contained the following spells:

 Spells                   Type           Power      Damage    Failure   Level
 Scorch                   Fire           18%        2d5       30%         2
 Blink                    Tloc           2%         N/A       63%         2
 Conjure Flame            Conj/Fire      6%         6-21      65%         3
 Inner Flame              Hex/Fire       5%         N/A       69%         3
 Lesser Beckoning         Tloc           1%         N/A       85%         3
 Flame Wave               Conj/Fire      6%         2d5       96%         4
 Manifold Assault         Tloc           1%         N/A       100%        5


Dungeon Overview and Level Annotations

Branches:
Dungeon (4/15)
 Temple: D:4-7

Altars:
Gozag

Shops:
D:2 (   D:3 ?


Innate Abilities, Weirdness & Mutations

Your natural rate of healing is accelerated.
You have razor-sharp teeth.
You have supernaturally acute eyesight. (SInv)
You are afflicted with vampirism and can become a bat while bloodless.


Message History

A goblin comes into view. It is wielding a +0 club.
Found a book of Debilitation.
A goblin is nearby!
An orc comes into view. It is wielding a +0 dagger.
The goblin shouts!
You hear a shout!
An orc comes into view. It is wielding a +0 flail.
The orc shouts!
You hear a shout!
An orc wizard comes into view. It is wielding a +0 dagger.
The goblin closely misses you.
An orc priest comes into view. It is wielding a +0 flail.
The orc wizard shouts!
You hit the goblin.
You kill the goblin!
You hit the orc.
The orc is severely wounded.
You block the orc's attack.
You hit the orc.
You kill the orc!
The orc priest invokes the aid of Beogh against you.
Beogh smites you! The orc wizard casts a spell at you.
You are confused.
You bump into the rock wall.
You bump into the rock wall.
The orc priest invokes the aid of Beogh against you.
Beogh smites you!
The orc wizard points at you and mumbles some strange words.
The puff of flame hits you!
* * * LOW HITPOINT WARNING * * *
You feel better. The orc wizard closely misses you.
The orc wizard casts a spell at you. The magic dart hits you!
* * * LOW HITPOINT WARNING * * *
The orc wizard gestures at you while chanting.
You are confused.
You hit the orc.
The orc is heavily wounded.
The orc hits you with a +0 flail.
You die...

##)...##
#.......:...
##......##
#..........
##..##....##[.#
#.))#
##..###.......#
#..#
##..###..##...##
##.##
#...##<.###...#
##.## #......#
#...####.##
##.....##
#..#..##o##
......##
#..###.@o.#
.......#...#
#..o##
..........#
###..#
..[.....## ####
.......##
......## #....##
#..... ...


You could see an orc priest, an orc wizard and an orc.

Vanquished Creatures
  A scorpion (D:4)
  2 dart slugs (D:2)
  7 orcs
  5 ball pythons
  2 endoplasms
  A giant cockroach (D:1)
  5 goblins
  3 hobgoblins
  9 jackals
  9 kobolds
  4 quokkas
  7 bats
  3 frilled lizards
  3 rats
61 creatures vanquished.

Vanquished Creatures (others)
  5 foxfires
5 creatures vanquished.

Grand Total: 66 creatures vanquished

Notes
Turn   | Place    | Note
-------+----------+-------------------------------------------
     0 | D:1      | SnakkuSnakku7 the Vampire Fire Elementalist began the quest
                  | for the Orb.
     0 | D:1      | Reached XP level 1. HP: 13/13 MP: 3/3
   119 | D:1      | Reached skill level 1 in Unarmed Combat
   320 | D:1      | Reached XP level 2. HP: 3/19 MP: 5/5
   397 | D:1      | Reached skill level 2 in Unarmed Combat
   525 | D:1      | Found a faded altar of an unknown god.
  1049 | D:2      | Reached skill level 3 in Unarmed Combat
  1049 | D:2      | Gained mutation: You are afflicted with vampirism and can
                  | become a bat while bloodless. [Vampire growth]
  1049 | D:2      | Reached XP level 3. HP: 24/24 MP: 6/6
  1266 | D:2      | Found Fowes's Antique Weapon Emporium.
  1650 | D:3      | Found an opulent altar of Gozag.
  1766 | D:3      | Reached skill level 4 in Unarmed Combat
  1772 | D:3      | Reached XP level 4. HP: 30/30 MP: 7/7
  1883 | D:3      | Found Ocoimuh's Magic Scroll Shop.
  1888 | D:3      | Bought a scroll of blinking for 90 gold pieces
  2057 | D:4      | Noticed a scorpion
  2063 | D:4      | Killed a scorpion
  2064 | D:4      | Reached skill level 5 in Unarmed Combat
  2117 | D:3      | Bought a scroll of teleportation for 36 gold pieces
  2212 | D:4      | Slain by an orc

Illustrated notes

Levels and vault maps discovered:
D:1:      dpeg_arrival_long_road, layout_loops_cross,
          dreamdust_ecumenical_altar_statues
D:2:      layout_basic, serial_shops, shop
D:3:      layout_rooms, lemuel_round_altar, serial_shops, nicolae_shop_crystal
D:4:      kennysheep_goblin_castle, layout_layer_cave, serial_park_tiny_1,
          hangedman_decor_lopped

Skill      XL: |  1  2  3  4 |
---------------+-------------+-----
Unarmed Combat | 1 3 4 5 |  5.1
Dodging        | |  2.1
Stealth        | |  3.0
Spellcasting   | |  2.0
Conjurations   | |  0.6
Fire Magic     | |  2.4

Action                   |  1- 3 |  4- 6 || total
-------------------------+-------+-------++-------
Melee: Unarmed           |   236 |    15 ||   251
       Bite              |    17 |     2 ||    19
       Punch             |     5 |       ||     5
       Dagger            |       |     3 ||     3
 Cast: Foxfire           |     4 |       ||     4
  Use: Scroll            |       |     4 ||     4
       Potion            |       |     1 ||     1
 Stab: Sleeping          |     4 |     2 ||     6
Armor: Robe              |     9 |       ||     9
       Ring mail         |    62 |     2 ||    64
Dodge: Dodged            |   127 |     6 ||   133
Block: Other             |    22 |     2 ||    24
